 Dungeon Sprint DCSS version 0.15-a0-1224-g3833f9c (webtiles) character file.

1300000 PolkaDot the Acrobat (level 14, -11/124 HPs)
             Began as a Vampire Gladiator on June 2, 2014.
             Was a Believer of Makhleb.
             Mangled by a meat berserker
             ... wielding a +9,+9 battleaxe
              (47 damage)
             ... in the Dungeon (Sprint VIII: "Arena of Blood").
             The game lasted 00:01:05 (13 turns).

PolkaDot the Acrobat (Vampire Gladiator)              Turns: 13, Time: 00:01:05

HP -11/124       AC  6     Str 14      XL: 14   Next: 66%
MP  14/14        EV 31     Int 10      God: Makhleb [**....]
Gold 0           SH  0     Dex 18      Spells:  0 memorised, 13 levels left

rFire  . . .     SeeInvis +     l - +∞ Axe of Woe
rCold  . . .     Clarity  .     b - +0 leather armour
rNeg   + . .     rCorr    .     (no shield)
rPois  .         rRot     .     c - +0 helmet
rElec  .         Spirit   .     (no cloak)
SustAb .         Warding  .     (no gloves)
rMut   .         NoTele   +     (no boots)
Gourm  .                        (no amulet)
MR     +....                    (no ring)
                                (no ring)

@: hasted, very quick, somewhat resistant to hostile enchantments, very
unstealthy
A: bottle blood, fangs 3, see invisible, unbreathing
a: Bat Form, Bottle Blood, Minor Destruction, Renounce Religion


You were in the Dungeon.
You worshipped Makhleb.
Makhleb was pleased with you.
You were not thirsty.

You visited 1 branch

Inventory:

Hand weapons
 a - a +0,+0 war axe
 l - the +∞,+∞ Axe of Woe (weapon)
   (You found it in the Dungeon)
Missiles
 d - 3 throwing nets (quivered)
Armour
 b - a +0 leather armour (worn)
 c - a +0 helmet (worn)
Scrolls
 k - a scroll of blinking
Potions
 e - a potion of blood {@w2}
 f - a potion of curing
 i - 2 potions of magic
 j - a potion of berserk rage


   Skills:
 + Level 15.6 Fighting
 * Level 21.1 Axes
 - Level 1.5 Throwing
 + Level 14.5 Armour
 * Level 24.3 Dodging


You had 13 spell levels left.
You didn't know any spells.

Dungeon Overview and Level Annotations

Branches:
Dungeon (1/1)

Altars:
Makhleb


Innate Abilities, Weirdness & Mutations

You can bottle blood from corpses.
You have razor-sharp teeth.*
You have supernaturally acute eyesight.
You can survive without breathing.*


Message History

You can now harness Makhleb's destructive might.
Your Fighting skill increases to level 15!
Your Axes skill increases to level 20!
Your Dodging skill increases to level 23!
You have reached level 14!
You slash the bag of meat!
You hew the bag of meat savagely.
You kill the bag of meat!
Makhleb accepts your kill.
Your Axes skill increases to level 21!
Your Armour skill increases to level 14!
Your Dodging skill increases to level 24!
You hear a shout! x8
The meat berserker rages.
You hear a shout!
An orc and an ogre come into view.
Drink which item? (? for menu, Esc to quit)
You feel yourself speed up.
You hear a shout! x9
The meat berserker hits you with a +9,+9 battleaxe!!!
You die...

... .. #.. .# #..
..# .###.. ..###.
.......###.......
........_........
.....#.....#.....
. #_)<._# .
#)@)..#
#.......O_...O...
.......###......
..###.. ..###. .
#.o ..# #.. ..#
... .. ...o


o You could see 2 meat berserkers and 3 bags of meat.

Vanquished Creatures
  An ogre (D)
  5 orcs (D)
6 creatures vanquished.

Notes
Turn   | Place    | Note
--------------------------------------------------------------
     0 | D        | PolkaDot, the Vampire Gladiator, began the quest for the Orb.
     0 | D        | Reached XP level 1. HP: 16/16 MP: 1/1
     4 | D        | Became a worshipper of Makhleb the Destroyer
     5 | D        | Noticed a bag of meat
     5 | D        | Noticed a bag of meat
     6 | D        | Noticed a bag of meat
     7 | D        | Noticed a bag of meat
     7 | D        | Noticed a meat berserker
     8 | D        | Noticed a bag of meat
     8 | D        | Killed a meat berserker
     8 | D        | Reached skill level 10 in Fighting
     8 | D        | Reached skill level 14 in Axes
     8 | D        | Reached skill level 17 in Dodging
     8 | D        | Reached XP level 2. HP: 19/36 MP: 2/2
     8 | D        | Reached XP level 3. HP: 22/42 MP: 3/3
     8 | D        | Reached XP level 4. HP: 25/49 MP: 4/4
     8 | D        | Reached XP level 5. HP: 27/54 MP: 5/5
     8 | D        | Reached XP level 6. HP: 30/61 MP: 6/6
     8 | D        | Reached XP level 7. HP: 32/67 MP: 7/7
     8 | D        | Reached XP level 8. HP: 35/74 MP: 8/8
     8 | D        | Reached XP level 9. HP: 37/79 MP: 9/9
     8 | D        | Reached XP level 10. HP: 40/86 MP: 10/10
     8 | D        | Reached XP level 11. HP: 42/92 MP: 11/11
     9 | D        | Killed a bag of meat
     9 | D        | Acquired Makhleb's first power
     9 | D        | Reached skill level 19 in Dodging
     9 | D        | Reached XP level 12. HP: 6/103 MP: 12/12
     9 | D        | Killed a bag of meat
     9 | D        | Reached skill level 21 in Dodging
     9 | D        | Reached XP level 13. HP: 6/111 MP: 13/13
    10 | D        | Killed a bag of meat
    10 | D        | Reached skill level 22 in Dodging
    11 | D        | Noticed a bag of meat
    12 | D        | Noticed a bag of meat
    12 | D        | Noticed a bag of meat
    12 | D        | Noticed a meat berserker
    12 | D        | Killed a bag of meat
    12 | D        | Acquired Makhleb's second power
    12 | D        | Reached skill level 15 in Fighting
    12 | D        | Reached skill level 23 in Dodging
    12 | D        | Reached XP level 14. HP: 35/123 MP: 14/14
    12 | D        | Killed a bag of meat
    12 | D        | Reached skill level 24 in Dodging
    13 | D        | Noticed a bag of meat
    13 | D        | Noticed a meat berserker
    13 | D        | Mangled by a meat berserker

Action                   |  1- 3 |  4- 6 |  7- 9 | 10-12 | 13-15 || total
-------------------------+-------+-------+-------+-------+-------++-------
Melee: Executioner's axe |     1 |       |       |     1 |     2 ||     4
  Use: Potion            |       |       |       |       |     2 ||     2
